 Dungeon Crawl Stone Soup version 0.25-a0-161-gb7fd73da8f (webtiles) character file.

Game seed: 1583260896750883780, levelgen mode: deterministic

61 Leeroy the Slasher (level 3, 0/29 HPs)
             Began as a Draconian Skald on Nov 21, 2019.
             Slain by an adder (5 damage)
             ... on level 2 of the Dungeon.
             The game lasted 00:02:34 (1261 turns).

Leeroy the Slasher (Draconian Skald)                Turns: 1261, Time: 00:02:35

Health: 0/29       AC:  5    Str: 13    XL:     3   Next: 83%
Magic:  6/6        EV: 12    Int: 14    God:
Gold:   50         SH:  0    Dex: 10    Spells: 5/6 levels left

rFire    . . .     SeeInvis .   i - +1 dagger (vamp)
rCold    . . .     Gourm    .   (no shield)
rNeg     . . .     Faith    .   (armour unavailable)
rPois    .         Spirit   .   (helmet restricted)
rElec    .         Reflect  .   (no cloak)
rCorr    .         Harm     .   (no gloves)
MR       .....                  (no boots)
Stlth    +.........             (no amulet)
HPRegen  0.09/turn              (no ring)
MPRegen  0.10/turn              (no ring)

@: lethally poisoned (0 -> -9)
A: unfitting armour, cold-blooded, AC +5
a: no special abilities


You were on level 2 of the Dungeon.
You were not hungry.

You visited 1 branch of the dungeon, and saw 2 of its levels.

You collected 50 gold pieces.

Inventory:

Hand Weapons
 a - a +0 falchion
 d - a +0 short sword
 i - a +1 vampiric dagger (weapon)
Jewellery
 f - an uncursed ring of protection from fire {unknown}
Scrolls
 g - 2 scrolls of identify {unknown}
 h - 2 scrolls of remove curse {unknown}
 j - a scroll of magic mapping {unknown}
 k - a scroll of teleportation {unknown}
 l - 2 scrolls of enchant weapon {unknown}
Potions
 b - 2 potions of agility {unknown}
 e - a potion of curing {unknown}
 m - 3 potions of haste {unknown}
 n - a potion of heal wounds {unknown}
Comestibles
 c - 4 rations


   Skills:
 - Level 2.1 Fighting
 + Level 4.2 Long Blades
 - Level 2.1 Dodging
 - Level 2.0 Spellcasting
 - Level 2.6 Charms


You had 5 spell levels left.
You knew the following spells:

 Your Spells              Type           Power        Failure   Level  Hunger
a - Infusion              Chrm           #...         8%          1    ##.....

Your spell library contained the following spells:

 Spells                   Type           Power        Failure   Level  Hunger
 Song of Slaying          Chrm           #.......     12%         2    ###....
 Shroud of Golubria       Chrm/Tloc      #.....       21%         2    ###....
 Regeneration             Chrm/Necr      #.........   38%         3    ####...
 Spectral Weapon          Hex/Chrm       #.......     38%         3    ####...


Dungeon Overview and Level Annotations

Branches:
Dungeon (2/15)

Altars:


Innate Abilities, Weirdness & Mutations

Your plain brown scales are hard. (AC +5)
You cannot fit into any form of body armour.
You are cold-blooded and may be slowed by cold attacks.


Message History

* * * LOW HITPOINT WARNING * * *
You feel sick. The adder bites you but does no damage.
The kobold barely misses you. The adder bites you but does no damage.
You miss the adder.
The adder is severely wounded.
The adder completely misses you.
You barely miss the adder.
The adder is severely wounded.
* * * LOW HITPOINT WARNING * * *
You feel sick. The kobold barely misses you. The adder bites you.
* * * LOW HITPOINT WARNING * * *
You miss the adder.
The adder is severely wounded.
* * * LOW HITPOINT WARNING * * *
You feel sick. The kobold completely misses you.
The adder bites you but does no damage.
You miss the adder.
The adder is severely wounded.
The adder bites you.
You die...

#.......# #.......## ##
#........+ #..#.?....>#
#..#.......#
#..........##
#.#.KS....... ...
#(...@....... ...
#..##...##### ..##
#..###..##### ..#
#.....((....# # #.#
###.##..#####..# ##
###.###...###...## # #.
#..<.#..#........## #.
#......#..........##..
#.
#..................##.##
#


You could see an adder and a kobold.

Vanquished Creatures
  A hound skeleton (D:2)
  2 adders (D:2)
  2 dart slugs (D:1)
  6 bats
  3 giant cockroaches
  2 goblins
  4 frilled lizards
  6 kobolds
  5 rats
31 creatures vanquished.

Notes
Turn   | Place    | Note
-------+----------+-------------------------------------------
     0 | D:1      | Leeroy the Draconian Skald began the quest for the Orb.
     0 | D:1      | Reached XP level 1. HP: 17/17 MP: 3/3
   307 | D:1      | Reached XP level 2. HP: 15/24 MP: 5/5
   421 | D:1      | Reached skill level 3 in Long Blades
  1067 | D:2      | Reached XP level 3. HP: 23/29 MP: 6/6
  1120 | D:2      | Reached skill level 4 in Long Blades
  1261 | D:2      | Slain by an adder

Levels and vault maps discovered:
D:1:      dpeg_arrival_arbitrary_c, layout_basic, chequers_serial_rivers_micro_b
D:2:      layout_rooms, led_sif_pool, first_ration

Skill      XL: |  1  2  3 |
---------------+----------+-----
Long Blades    | 3 4 |  4.2
Fighting       | |  2.1
Dodging        | |  2.1
Spellcasting   | |  2.0
Charms         | |  2.6

Action                   || total
-------------------------++-------
Melee: Falchion          ||    24
       Tailslap          ||    13
       Dagger            ||   101
 Stab: Sleeping          ||     1
  Eat: Chunk             ||     1
Armor: Skin              ||    57
Dodge: Dodged            ||    95
       Rpst.: Falchion   ||     5

Table legend:
 A = Non-vault XP
 B = Vault XP
 C = Vault XP percentage of total XP
 D = Non-vault monster count
 E = Vault monster count
 F = Vault count percentage of total count
                 A         B        C        D         E       F
            +---------+---------+-------+---------+---------+-------
      Total |      88 |       0 |   0.0 |      31 |       0 |   0.0
            +---------+---------+-------+---------+---------+-------
        D:1 |      27 |       0 |   0.0 |      16 |       0 |   0.0
        D:2 |      61 |       0 |   0.0 |      15 |       0 |   0.0
            +---------+---------+-------+---------+---------+-------
